 Dungeon Crawl Stone Soup version 0.29-a0-920-g5d2155ec51 (webtiles) character file.

Game seed: 11220453042622354514

361242 Ajdolov the Bludgeoner (level 22, -10/124 HPs)
             Began as a Vine Stalker Fighter on July 27, 2022.
             Was the Champion of Jiyva.
             Mangled by a tentacled monstrosity (20 damage)
             ... on level 1 of the Realm of Zot.
             The game lasted 01:34:25 (34752 turns).

Ajdolov the Bludgeoner (Vine Stalker Fighter)      Turns: 34752, Time: 01:34:25

Health: -10/124    AC: 40    Str: 29    XL:     22   Next: 7%
Magic:  0/46       EV:  6    Int: 12    God:    Jiyva [******]
Gold:   485        SH: 16    Dex: 21    Spells: 41/41 levels left

rFire   + + .      SeeInvis .   N - +8 eveningstar (vorpal)
rCold   + . .      Faith    .   f - +3 warlock's mirror {reflect}
rNeg    . . .      Spirit   +   y - +9 shadow dragon scales of Evolution {Int+4 Dex+4 Stlth++++}
rPois   +          Reflect  +   (helmet restricted)
rElec   +          Harm     .   Z - +2 cloak {rCorr}
rCorr   +          Rampage  .   C - +2 pair of gloves {infuse}
Will    ++...                   i - +2 pair of boots {Fly}
Stlth   +++++++...              X - amulet of reflection
HPRegen 3.50/turn               W - ring "Kabolip" {Ice rElec rPois Str+2}
MPRegen 0.80/turn               T - ring "Syqib" {rF++ MP+9}

@: flying, slowed, constricted, studying 2 skills, invisible, very slow
A: fangs 3, regeneration 2, magic shield, antimagic bite, no potion heal 2,
antennae 2, claws 1, iridescent scales 1, fire resistance 1, mutation resistance
1, shaggy fur 1, wild magic 2, jelly sensing items, jelly absorbing missiles,
engulf
}: 3/15 runes: decaying, serpentine, slimy
a: Renounce Religion, Oozemancy, Slimify


You were on level 1 of the Realm of Zot.
You worshipped Jiyva.
Jiyva was exalted by your worship.
You visited 9 branches of the dungeon, and saw 44 of its levels.
You also visited: Sewer, Gauntlet and Ice Cave.

You collected 5071 gold pieces.
You spent 4586 gold pieces at shops.

Inventory:

Hand Weapons
 N - a +8 vorpal eveningstar (weapon)
Missiles
 o - 2 throwing nets (quivered)
 A - 8 curare-tipped darts
 B - 16 atropa-tipped darts
 F - 20 boomerangs
 L - 8 silver javelins
 Q - 4 javelins
Armour
 f - the +3 warlock's mirror (worn) {reflect}
   (You acquired it on level 11 of the Dungeon)

   It can block and reflect piercing ranged attacks and magical attacks against
   the wielder's willpower.
 i - a +2 pair of boots of flying (worn)
 j - a +2 helmet
 y - the +9 shadow dragon scales of Evolution (worn) {Int+4 Dex+4 Stlth++++}
   (You found it on level 5 of the Pits of Slime)

   Int:       It affects your intelligence (+4).
   Dex:       It affects your dexterity (+4).
   Stlth:     It makes you much more stealthy.
 C - a +2 pair of gloves of infusion (worn)
 E - +0 gold dragon scales
 Z - a +2 cloak of preservation (worn)
Jewellery
 S - a ring of protection from fire
 T - the ring "Syqib" (right hand) {rF++ MP+9}
   (You found it on level 5 of the Pits of Slime)

   [ring of magical power]

   rF:        It greatly protects you from fire.
   MP:        It affects your magic capacity (+9).
 W - the ring "Kabolip" (left hand) {Ice rElec rPois Str+2}
   (You found it on level 5 of the Pits of Slime)

   [ring of ice]

   It enhances your ice magic.
   Str:       It affects your strength (+2).
   rF:        It makes you vulnerable to fire.
   rC:        It protects you from cold.
   rElec:     It insulates you from electricity.
   rPois:     It protects you from poison.
 X - an amulet of reflection (around neck)
Wands
 m - a wand of polymorph (17)
 x - a wand of mindburst (24)
 K - a wand of paralysis (11)
 M - a wand of quicksilver (14)
 O - a wand of iceblast (9)
 Y - a wand of digging (5)
Scrolls
 a - a scroll of brand weapon
 b - 7 scrolls of vulnerability
 c - 6 scrolls of magic mapping
 h - a scroll of noise
 k - 7 scrolls of teleportation
 l - 3 scrolls of silence
 n - 7 scrolls of immolation
 r - 5 scrolls of poison
 s - a scroll of summoning
 z - 2 scrolls of fear
 G - 5 scrolls of torment
 I - a scroll of enchant armour
 R - 4 scrolls of blinking
 V - 6 scrolls of fog
Potions
 d - 9 potions of might
 e - 15 potions of curing
 p - 7 potions of cancellation
 q - 7 potions of attraction
 v - 5 potions of haste
 w - 4 potions of resistance
 D - 5 potions of berserk rage
 H - 3 potions of mutation
 J - a potion of magic
Miscellaneous
 g - a box of beasts (inert)
 t - a condenser vane (inert)
 P - a phantom mirror
 U - a lightning rod (4/4)


   Skills:
 - Level 16.0 Fighting
 - Level 16.0 Maces & Flails
 - Level 12.0 Throwing
 - Level 13.9 Armour
 + Level 13.2 Stealth
 + Level 13.5 Shields
 - Level 10.0 Spellcasting
 - Level 15.0 Evocations


You had 41 spell levels left.
You didn't know any spells.
Your spell library contained the following spells:

 Spells                   Type           Power      Damage    Failure   Level
 Apportation              Tloc           18%        N/A       61%         1
 Sandblast                Erth           18%        2d7       61%         1
 Ensorcelled Hibernation  Hex/Ice        28%        N/A       75%         2
 Passwall                 Tmut/Erth      7%         N/A       75%         2
 Scorch                   Fire           18%        2d6       75%         2
 Static Discharge         Conj/Air       9%         3-5/arc   75%         2
 Conjure Flame            Conj/Fire      9%         6-21      91%         3
 Gell's Gravitas          Tloc           9%         N/A       91%         3
 Inner Flame              Hex/Fire       9%         N/A       91%         3
 Lesser Beckoning         Tloc           9%         N/A       91%         3
 Spider Form              Tmut/Pois      9%         N/A       91%         3
 Stone Arrow              Conj/Erth      18%        3d8       91%         3
 Teleport Other           Tloc           9%         N/A       91%         3
 Tukima's Dance           Hex            9%         N/A       91%         3
 Anguish                  Hex/Necr       4%         N/A       100%        4
 Animate Dead             Necr           9%         N/A       100%        4
 Flame Wave               Conj/Fire      9%         2d6       100%        4
 Olgreb's Toxic Radiance  Pois           9%         N/A       100%        4
 Passage of Golubria      Tloc           9%         N/A       100%        4
 Petrify                  Tmut/Erth      9%         N/A       100%        4
 Summon Ice Beast         Ice/Summ       14%        N/A       100%        4
 Alistair's Intoxication  Tmut/Pois      6%         N/A       100%        5
 Borgnjor's Vile Clutch   Necr/Erth      4%         N/A       100%        5
 Fireball                 Conj/Fire      4%         3d4       100%        5
 Freezing Cloud           Conj/Ice/Air   7%         6-21      100%        5
 Iskenderun's Battlesphe  Conj           9%         2d6       100%        5
 Lightning Bolt           Conj/Air       4%         1d16      100%        5
 Metabolic Englaciation   Hex/Ice        7%         N/A       100%        5
 Silence                  Hex/Air        4%         N/A       100%        5
 Summon Mana Viper        Hex/Summ       9%         N/A       100%        5
 Yara's Violent Unravell  Hex/Tmut       4%         3d4       100%        5
 Death Channel            Necr           4%         N/A       100%        6
 Dispersal                Tloc           4%         N/A       100%        6
 Iron Shot                Conj/Erth      4%         9d2       100%        6
 Starburst                Conj/Fire      4%         6d4       100%        6
 Statue Form              Tmut/Erth      6%         N/A       100%        6
 Summon Cactus Giant      Summ           4%         N/A       100%        6
 Monstrous Menagerie      Summ           4%         N/A       100%        7
 Ozocubu's Refrigeration  Ice            7%         4d6       100%        7
 Spellforged Servitor     Conj/Summ      4%         N/A       100%        7
 Disjunction              Tloc           4%         N/A       100%        8
 Ignition                 Fire           4%         3d4       100%        8
 Lehudib's Crystal Spear  Conj/Erth      4%         10d3      100%        8
 Maxwell's Capacitive Co  Air            4%         ∞         100%        8


Dungeon Overview and Level Annotations

Branches:
Dungeon (15/15)            Temple (0/1) D:4            Lair (5/5) D:10
  Swamp (4/4) Lair:3        Snake (4/4) Lair:2        Slime (5/5) Lair:4
    Orc (2/2) D:12            Elf (0/3) Orc:2        Vaults (4/5) D:13
  Crypt (0/3) Vaults:2     Depths (4/4) D:15            Zot (1/5) Depths:4
  Sewer (visited)           IceCv (visited)         Gauntlet (visited)

Altars:
Gozag
Kikubaaqudgha
Nemelex Xobeh
Okawaru
Qazlal
Ru
Trog
Uskayaw
Vehumet
Wu Jian
Yredelemnul
Zin
The Shining One
Jiyva
Lugonu

Shops:
D:5 [   D:12 :   Orc:2 *=(!:?   Snake:3 ==:   Vaults:2 *   Depths:2 (*

Portals:
Hell: Depths:1 Depths:2 Depths:3 Depths:4
Abyss: Depths:2 Depths:3
Pandemonium: Depths:2
Ziggurat: Depths:1
Trove: D:10 (give 2 scrolls of acquirement)

Annotations:
D:10 1 runed translucent door, capka3m's ghost, journeyman DgEE
Snake:1 exclusions: 2 naga sharpshooters and 2 more exclusions
Slime:5 Royal Jelly
Orc:2 3 runed translucent doors, Morbidden's ghost, adept TrMo
Depths:2 2 transporters
Depths:4 3 runed translucent doors


Innate Abilities, Weirdness & Mutations

You have razor-sharp teeth.
You heal very quickly.
When hurt, damage is shared between your health and your magic reserves.
Your bite disrupts and absorbs the magic of your enemies.
Potions cannot restore your health.
You have a pair of antennae on your head.
You have sharp fingernails.
You are partially covered in iridescent scales. (AC +2)
Your flesh is heat resistant. (rF+)
You are somewhat resistant to further mutation.
You are covered in fur. (AC +1)
Your spells are harder to cast, but more powerful.
You have a small jelly attached to you that senses nearby items.
You have a small jelly attached to you that may absorb projectiles.
Your melee attacks may engulf your foes in ooze.


Message History

The tentacled monstrosity tentacle-slaps you but does no damage.
The green draconian monk is engulfed in blazing flames.
The green draconian monk hits you but does no damage.
The green draconian monk kicks you but does no damage.
The green draconian monk barely misses you.
You block the green draconian monk's attack.
The moth of wrath is engulfed in blazing flames.
The moth of wrath bites you but does no damage.
The moth of wrath is engulfed in blazing flames.
The tentacled monstrosity is engulfed in blazing flames.
The tentacled monstrosity barely misses you.
You block the tentacled monstrosity's attack.
The tentacled monstrosity completely misses you.
The moth of wrath is engulfed in blazing flames.
The tentacled monstrosity is engulfed in blazing flames.
You block the tentacled monstrosity's attack.
The tentacled monstrosity tentacle-slaps you!
* * * LOW HITPOINT WARNING * * *
The tentacled monstrosity tentacle-slaps you but does no damage.
The tentacled monstrosity constricts you.
The white draconian is engulfed in blazing flames.
The moth of wrath is engulfed in blazing flames.
The green draconian monk is engulfed in blazing flames.
The white draconian is engulfed in blazing flames. x2
The white draconian stormcaller is engulfed in blazing flames.
The death cob is engulfed in blazing flames.
The death drake is engulfed in blazing flames.
The storm dragon rages.
The death drake is engulfed in blazing flames.
The green draconian monk is engulfed in blazing flames.
The green draconian monk barely misses you. x2
The green draconian monk tail-slaps you but does no damage. x2
The tentacled monstrosity is engulfed in blazing flames.
The tentacled monstrosity tentacle-slaps you but does no damage. x3
The moth of wrath is engulfed in blazing flames.
You kill the moth of wrath!
The moth of wrath is engulfed in blazing flames. x2
The tentacled monstrosity is engulfed in blazing flames.
The tentacled monstrosity tentacle-slaps you!!
You die...

##.........##
##...........##
#...#.....#....
#..##§§§.§##...
.....Dy§§§§§§..
....§§qddd§§§..
....§§q8Xzk§§.#
....§q§@Xqd§...
....§§Xq{kk§...
...##§§§Dy##...
....#.§§y.#....
...............
..............#
########.....##
######


You could see 3 tentacled monstrosities, 2 draconians, 2 storm dragons, 4
draconians, a death cob (unable to see you), 2 draconians, a yellow draconian
annihilator (unable to see you, poisoned), 2 death drakes, 3 moths of wrath and
a swamp drake (summoned, unable to see you).

Vanquished Creatures
  Vv (Depths:2)
  Vashnia (Snake:4)
  Frederick (Vaults:2)
  A golden dragon (Depths:4)
  Nikola (Swamp:2)
  A bone dragon (Depths:4)
  The ghost of Jihiargh the Severer, an adept HOFi of Qazlal (Vaults:2)
  A Brimstone Fiend (Depths:4)
  A hellephant (Vaults:4)
  An Ice Fiend (Depths:4)
  Zenata (Vaults:1)
  Rupert (D:13)
  A tentacled monstrosity (Swamp:1)
  A lich (Depths:1)
  A titan (Vaults:3)
  A death cob (Depths:4)
  2 sphinxes (Vaults:1)
  2 tengu reavers
  A thorn hunter (Swamp:4)
  Frances (Snake:1)
  A shadow dragon (Depths:3)
  Agnes (D:14)
  Kirke (Swamp:2)
  3 nagarajas (Snake:4)
  Donald (Vaults:1)
  4 fire giants
  2 frost giants
  10 vault wardens
  3 spectral caustic shrikes (Depths:1)
  Louise (Depths:2)
  4 balrugs
  2 orc warlords (Vaults:2)
  The ghost of Tiucafuv the Severer, a journeyman HOFi of Qazlal (D:15)
  5 draconian stormcallers (Depths:4)
  10 ironbound preservers
  12 stone giants
  8 ironbound thunderhulks
  A war gargoyle (Vaults:4)
  19 very ugly things
  A reaper (Depths:2)
  A spriggan defender (Depths:1)
  2 vampire knights
  Nessos (D:13)
  A deep elf annihilator (Vaults:3)
  A black draconian (Depths:4)
  4 bunyips
  A purple draconian (Depths:4)
  A minotaur (Gauntlet)
  A red draconian (Depths:4)
  4 dire elephants (Vaults:1)
  A white draconian (Depths:4)
  4 entropy weavers
  A blizzard demon (Depths:4)
  8 ettins
  5 jiangshi
  9 fire dragons
  A merfolk javelineer (Depths:1)
  10 yaktaur captains
  2 crystal guardians
  2 shambling mangroves
  23 hydras
  3 salamander tyrants
  8 vault guards
  2 spriggan air magi
  A rakshasa (Depths:1)
  2 peacekeepers
  6 ice dragons
  4 boulder beetles
  5 ghost crabs
  5 two-headed ogres
  6 ironbound frosthearts
  A catoblepas (Lair:5)
  7 anacondas
  8 centaur warriors
  14 naga warriors
  5 spriggan berserkers
  9 tengu warriors
  A deep troll earth mage (Depths:4)
  8 alligators
  2 deep troll shamans
  6 death yaks
  6 orc high priests (Orc:2)
  14 hell knights (Vaults:4)
  21 naga sharpshooters
  4 vampire magi
  4 shock serpents
  3 fire crabs (Lair:3)
  6 sun demons (Depths:4)
  3 skeletal warriors (D:15)
  2 goliath frogs
  4 salamander mystics
  30 deep trolls
  A flayed ghost (Depths:3)
  3 naga ritualists
  2 sea snakes (Snake:1)
  6 bog bodies
  A spriggan druid (Swamp:2)
  7 swamp dragons
  6 wizards
  An orange crystal statue (IceCv)
  11 ironbound convokers
  3 phantasmal warriors
  9 lindwurms
  An orc sorcerer (Orc:2)
  A wolf spider (D:15)
  4 orc knights
  10 mana vipers
  20 salamanders
  2 manticores (Lair:5)
  4 will-o-the-wisps
  6 cyclopes
  A moth of wrath (Zot:1)
  22 ugly things
  2 ice statues (Snake:3)
  A salamander (shapeshifter) (D:12)
  29 elephants
  37 black mambas
  15 guardian serpents
  16 naga magi
  15 vault sentinels
  2 gargoyles
  15 cane toads
  7 rime drakes
  An apocalypse crab (Lair:3)
  2 efreet
  An unseen horror (D:10)
  Maggie (D:10)
  10 komodo dragons
  2 freezing wraiths (IceCv)
  18 yaktaurs
  2 golden dragon simulacra (IceCv)
  An anaconda simulacrum (IceCv)
  5 ice devils
  2 unseen horror skeletons (D:10)
  3 tengu conjurers
  5 trolls
  Grinder (D:5)
  7 tyrant leeches
  9 hornets
  Prince Ribbit (D:9)
  15 blink frogs
  2 dream sheep (Lair:5)
  6 shadows
  4 wyverns
  3 wraiths
  11 water elementals (Depths:1)
  3 centaur simulacra
  9 spriggans
  59 yaks
  13 humans
  2 basilisks
  2 steam dragons (D:7)
  3 redbacks
  5 hogs
  10 vampire mosquitoes
  A harpy simulacrum (IceCv)
  6 wargs (Orc:2)
  59 nagas
  14 swamp worms
  15 water moccasins
  2 acid dragons (Lair:5)
  2 black bears
  7 orc warriors
  2 ice beasts (D:6)
  11 wolves
  An ettin simulacrum (IceCv)
  10 swamp drakes
  An ogre (Orc:1)
  8 centaurs
  2 phantoms
  16 bullfrogs
  5 kobold brigands
  A cane toad simulacrum (Gauntlet)
  2 gnoll sergeants
  A water moccasin skeleton (D:4)
  3 wights (D:8)
  3 killer bees (D:9)
  2 lindwurm simulacra (IceCv)
  7 howler monkeys
  A bullfrog zombie (D:4)
  3 jellies (Sewer)
  32 orc priests
  A centaur zombie (D:10)
  3 hounds
  A gnoll bouda (D:8)
  2 iguanas
  14 orc wizards
  A hound zombie (D:4)
  A spectral howler monkey (D:10)
  14 gnolls
  A howler monkey skeleton (D:10)
  4 river rats
  12 adders
  2 shadow imps (D:7)
  4 white imps
  An adder skeleton (D:4)
  A worm (D:5)
  A dart slug (D:1)
  63 orcs
  3 endoplasms
  8 giant cockroaches
  3 goblins
  3 hobgoblins
  2 jackals (D:3)
  27 kobolds
  4 quokkas
  5 ball pythons
  3 bats
  7 frilled lizards
  9 rats
  15 butterflies (Vaults:2)
1305 creatures vanquished.

Vanquished Creatures (collateral kills)
  A blizzard demon (Depths:4)
  A ghost crab (Lair:3)
  A two-headed ogre (D:10)
  A fire crab (Lair:3)
  A yaktaur (D:13)
  2 ice devils (Depths:4)
  2 shadows (Gauntlet)
  4 humans (D:13)
  An alligator simulacrum (IceCv)
  A centaur (D:13)
  An orc priest (D:10)
  A kobold (D:10)
17 creatures vanquished.

Vanquished Creatures (others)
  An azure jelly (Swamp:2)
  An ironbound preserver (Vaults:3)
  A very ugly thing (IceCv)
  A great orb of eyes (Vaults:3)
  2 naga sharpshooters
  2 glowing orange brains
  A deep elf pyromancer (D:13)
  2 wizards
  A guardian serpent (Snake:4)
  An unseen horror (D:8)
  5 yaktaurs
  A queen bee (shapeshifter) (D:14)
  2 bloated husks
  A polar bear (shapeshifter) (Vaults:1)
  A floating eye (Depths:1)
  27 slime creatures
  A shadow (D:11)
  A basilisk (Lair:5)
  A steam dragon (Lair:5)
  A swamp worm (shapeshifter) (Depths:2)
  A naga (Snake:4)
  A swamp worm (Swamp:2)
  A water moccasin (Lair:4)
  An ice beast (D:7)
  3 boggarts (Vaults:2)
  An orc warrior (D:12)
  A centaur (D:5)
  A wolf (Lair:4)
  3 bullfrogs
  A scorpion (D:5)
  A glowing shapeshifter simulacrum (Vaults:4)
  5 killer bees
  167 jellies
  3 orc priests
  3 hounds (D:6)
  3 orc wizards
  A gnoll (D:6)
  3 white imps
  11 orcs
  A ball python (D:4)
  An endoplasm (D:4)
  A goblin (D:4)
  A hobgoblin (D:4)
  A quokka (D:4)
  3 kobolds
  A butterfly (Vaults:2)
  8 foxfires
  68 fungi
  A lurking horror (Depths:2)
  115 plants
  3 withered plants
469 creatures vanquished.

Grand Total: 1791 creatures vanquished

Notes
Turn   | Place    | Note
-------+----------+-------------------------------------------
     0 | D:1      | Ajdolov the Vine Stalker Fighter began the quest for the
                  | Orb.
     0 | D:1      | Reached XP level 1. HP: 11/11 MP: 2/2
   220 | D:1      | Reached XP level 2. HP: 16/16 MP: 3/3
   506 | D:1      | Reached XP level 3. HP: 19/19 MP: 4/4
   698 | D:2      | Found a stormy altar of Qazlal.
   771 | D:2      | Gained mutation: Your natural rate of healing is unusually
                  | fast. [Vine Stalker growth]
   771 | D:2      | Reached XP level 4. HP: 23/23 MP: 5/5
  1361 | D:3      | Found a faded altar of an unknown god.
  1411 | D:3      | Found an opulent altar of Gozag.
  1412 | D:3      | Found an iron altar of Okawaru.
  1413 | D:3      | Found a radiant altar of Vehumet.
  1414 | D:3      | Found a hide-covered altar of Uskayaw.
  1680 | D:3      | Found a bloodstained altar of Trog.
  1794 | D:3      | Found a glowing drain.
  1798 | Sewer    | Entered a sewer
  1834 | Sewer    | Reached XP level 5. HP: 27/27 MP: 6/6
  1904 | Sewer    | Reached skill level 5 in Maces & Flails
  1936 | Sewer    | Reached XP level 6. HP: 30/32 MP: 5/7
  1966 | Sewer    | Found a viscous altar of Jiyva.
  1975 | Sewer    | Became a worshipper of Jiyva Jamaugo the Shapeless
  2139 | D:3      | Noticed a wizard
  2141 | D:3      | Killed a wizard
  2345 | D:4      | Reached XP level 7. HP: 28/35 MP: 5/8
  2658 | D:4      | Found a staircase to the Ecumenical Temple.
  2794 | D:4      | Reached * piety under Jiyva
  2999 | D:5      | Entered Level 5 of the Dungeon
  3012 | D:5      | Found Edore's Armour Boutique.
  3163 | D:5      | Noticed Grinder
  3217 | D:5      | Paralysed by Grinder for 2 turns
  3222 | D:5      | Killed Grinder
  3223 | D:5      | Gained mutation: You have razor-sharp teeth. [Vine Stalker
                  | growth]
  3223 | D:5      | Reached XP level 8. HP: 31/39 MP: 9/9
  3470 | D:5      | Reached ** piety under Jiyva
  3789 | D:5      | Bought a +0 cloak for 58 gold pieces
  4141 | D:6      | Reached skill level 10 in Maces & Flails
  4214 | D:6      | Reached *** piety under Jiyva
  4439 | D:7      | Noticed a yak
  4439 | D:7      | Noticed a yak
  4439 | D:7      | Noticed a yak
  4440 | D:7      | Noticed a yak
  4440 | D:7      | Noticed a yak
  4447 | D:7      | Killed a yak
  4448 | D:7      | Reached XP level 9. HP: 40/43 MP: 10/10
  4528 | D:7      | Found an ornate altar of the Wu Jian Council.
  4831 | D:7      | Reached XP level 10. HP: 44/47 MP: 4/11
  5071 | D:7      | Gained mutation: Your flesh is cold resistant. (rC+)
                  | [Jiyva's grace]
  5071 | D:7      | Gained mutation: Your flesh is very cold resistant. (rC++)
                  | [Jiyva's grace]
  5071 | D:7      | Gained mutation: Your flesh is almost immune to the effects
                  | of cold. (rC+++) [Jiyva's grace]
  5071 | D:7      | Gained mutation: Your body has grown eyes which may confuse
                  | attackers. (Acc +3) [Jiyva's grace]
  5517 | D:7      | Reached **** piety under Jiyva
  5930 | D:8      | Killed an unseen horror
  5945 | D:8      | Noticed a tengu warrior
  5954 | D:8      | Killed a tengu warrior
  6009 | D:8      | Noticed a five-headed hydra
  6017 | D:8      | Killed a five-headed hydra
  6192 | D:8      | Found a sparkling altar of Nemelex Xobeh.
  6320 | D:9      | Found a glowing silver altar of Zin.
  6374 | D:9      | Reached skill level 5 in Fighting
  6453 | D:9      | Noticed Prince Ribbit
  6461 | D:9      | Killed Prince Ribbit
  6586 | D:9      | Reached ***** piety under Jiyva
  6621 | D:9      | Reached XP level 11. HP: 54/56 MP: 10/12
  7068 | D:10     | Entered Level 10 of the Dungeon
  7190 | D:10     | Found a portal to a secret trove of treasure.
  7231 | D:10     | Lost mutation: Your flesh is almost immune to the effects
                  | of cold. (rC+++) [Jiyva's grace]
  7231 | D:10     | Lost mutation: Your body has grown eyes which may confuse
                  | attackers. (Acc +3) [Jiyva's grace]
  7231 | D:10     | Gained mutation: You are partially covered in iridescent
                  | scales. (AC +2) [Jiyva's grace]
  7231 | D:10     | Gained mutation: You are mostly covered in iridescent
                  | scales. (AC +4) [Jiyva's grace]
  7231 | D:10     | Gained mutation: You are completely covered in iridescent
                  | scales. (AC +6) [Jiyva's grace]
  7231 | D:10     | Gained mutation: You passively map a small area around you.
                  | [Jiyva's grace]
  7249 | D:10     | Noticed Maggie
  7249 | D:10     | Noticed a two-headed ogre
  7260 | D:10     | Killed Maggie
  7265 | D:10     | Killed a two-headed ogre
  7372 | D:10     | Noticed a death yak
  7373 | D:10     | Noticed a death yak
  7389 | D:10     | Killed a death yak
  7395 | D:10     | Killed a death yak
  7412 | D:10     | Noticed a death yak
  7437 | D:10     | Killed a death yak
  7438 | D:10     | Reached skill level 10 in Fighting
  7442 | D:10     | Reached skill level 1 in Evocations
  7460 | D:10     | Found a staircase to the Lair.
  7491 | D:10     | Found a glowing golden altar of the Shining One.
  7493 | D:10     | Noticed a two-headed ogre
  7499 | D:10     | Killed a two-headed ogre
  7673 | D:10     | Reached XP level 12. HP: 67/67 MP: 7/13
  7731 | D:10     | Found a runed translucent door.
  7731 | D:10     | Noticed capka3m's ghost (journeyman DgEE)
  7869 | D:11     | Noticed a two-headed ogre
  7875 | D:11     | Killed a two-headed ogre
  7877 | D:11     | Reached skill level 5 in Evocations
  7880 | D:11     | Found a gate leading to a gauntlet.
  7928 | D:11     | Noticed a two-headed ogre
  7937 | D:11     | Killed a two-headed ogre
  7981 | Gauntlet | Entered a Gauntlet
  7981 | Gauntlet | Found a transporter.
  7990 | Gauntlet | Found a transporter.
  8005 | Gauntlet | Found a transporter.
  8010 | Gauntlet | Found a transporter.
  8012 | Gauntlet | Noticed a thrashing horror
  8023 | Gauntlet | Noticed a thrashing horror
  8025 | Gauntlet | Found a transporter.
  8044 | Gauntlet | Found a transporter.
  8048 | Gauntlet | Noticed a dire elephant
  8056 | Gauntlet | Found a transporter.
  8062 | Gauntlet | Found a transporter.
  8077 | Gauntlet | Found a transporter.
  8089 | Gauntlet | Found a transporter.
  8101 | Gauntlet | Found a transporter.
  8108 | Gauntlet | Noticed a ghost crab
  8118 | Gauntlet | Found a transporter.
  8136 | Gauntlet | Found a transporter.
  8138 | Gauntlet | Found a transporter.
  8185 | Gauntlet | Found a transporter.
  8242 | Gauntlet | Identified a scroll of acquirement
  8248 | Gauntlet | Acquired 383 gold pieces
  8408 | Gauntlet | Found a transporter.
  8410 | Gauntlet | Found a transporter.
  8410 | Gauntlet | Found a transporter.
  8585 | Gauntlet | Identified the +1 pair of gloves of Narrow Beauty {Regen+}
  8591 | Gauntlet | Got the Spellbook of Hot Cold
  8602 | Gauntlet | Noticed a minotaur
  8608 | Gauntlet | Killed a minotaur
  8620 | D:11     | Acquired the +3 warlock's mirror {reflect}
  8620 | D:11     | Found the +3 warlock's mirror {reflect}
  8714 | D:11     | Lost mutation: You are completely covered in iridescent
                  | scales. (AC +6) [Jiyva's grace]
  8714 | D:11     | Gained mutation: Your flesh is almost immune to the effects
                  | of cold. (rC+++) [Jiyva's grace]
  8714 | D:11     | Gained mutation: Your rubbery body absorbs attacks. (AC +1,
                  | EV +1) [Jiyva's grace]
  8714 | D:11     | Gained mutation: Your pliable body absorbs attacks. (AC +2,
                  | EV +2) [Jiyva's grace]
  8714 | D:11     | Gained mutation: Your gelatinous body deflects attacks. (AC
                  | +3, EV +3) [Jiyva's grace]
  9272 | Lair:1   | Entered Level 1 of the Lair of Beasts
  9612 | Lair:1   | Noticed a seven-headed hydra
  9617 | Lair:1   | Killed a seven-headed hydra
  9816 | Lair:1   | Reached ****** piety under Jiyva
 10279 | Lair:2   | Reached XP level 13. HP: 63/72 MP: 11/14
 10306 | Lair:2   | Found a staircase to the Snake Pit.
 10336 | Lair:2   | Reached skill level 15 in Maces & Flails
 10364 | Lair:2   | Lost mutation: You are mostly covered in iridescent scales.
                  | (AC +4) [Jiyva's grace]
 10364 | Lair:2   | Lost mutation: Your flesh is almost immune to the effects
                  | of cold. (rC+++) [Jiyva's grace]
 10364 | Lair:2   | Gained mutation: Your translucent skin slightly reduces
                  | your foes' accuracy. (Stealth+) [Jiyva's grace]
 10364 | Lair:2   | Gained mutation: Your translucent skin reduces your foes'
                  | accuracy. (Stealth+) [Jiyva's grace]
 10364 | Lair:2   | Gained mutation: Your transparent skin significantly
                  | reduces your foes' accuracy. (Stealth+) [Jiyva's grace]
 10364 | Lair:2   | Gained mutation: You have a small jelly attached to you
                  | that may absorb projectiles. [Jiyva's grace]
 10876 | Lair:3   | Found a runed translucent door.
 11160 | Lair:3   | Found a staircase to the Swamp.
 11510 | Lair:3   | Noticed an entropy weaver
 11522 | Lair:3   | Killed an entropy weaver
 11537 | Lair:3   | Noticed an entropy weaver
 11549 | Lair:3   | Killed an entropy weaver
 11642 | Lair:3   | Noticed an entropy weaver
 11654 | Lair:3   | Killed an entropy weaver
 11812 | Lair:4   | Reached XP level 14. HP: 81/81 MP: 13/15
 11941 | Lair:4   | Found a sacrificial altar of Ru.
 11943 | Lair:4   | Found a staircase to the Slime Pits.
 12396 | Lair:4   | Lost mutation: Your flesh is very cold resistant. (rC++)
                  | [Jiyva's grace]
 12396 | Lair:4   | Lost mutation: You have a small jelly attached to you that
                  | may absorb projectiles. [Jiyva's grace]
 12396 | Lair:4   | Gained mutation: Your melee attacks may engulf your foes in
                  | ooze. [Jiyva's grace]
 12396 | Lair:4   | Gained mutation: You are covered in fur. (AC +1) [Jiyva's
                  | grace]
 12396 | Lair:4   | Gained mutation: You are covered in thick fur. (AC +2)
                  | [Jiyva's grace]
 12396 | Lair:4   | Gained mutation: Your thick and shaggy fur keeps you warm.
                  | (AC +3, rC+) [Jiyva's grace]
 12732 | Lair:5   | Entered Level 5 of the Lair of Beasts
 13036 | Lair:5   | Reached skill level 5 in Shields
 13643 | Lair:5   | Reached XP level 15. HP: 78/88 MP: 14/16
 13685 | Lair:5   | Reached skill level 15 in Fighting
 14158 | Slime:1  | Entered Level 1 of the Pits of Slime
 14158 | Slime:1  | Noticed an acid blob
 14166 | Slime:2  | Noticed an acid blob
 14207 | Slime:5  | Entered Level 5 of the Pits of Slime
 14210 | Slime:5  | Noticed an acid blob
 14211 | Slime:5  | Noticed an acid blob
 14225 | Slime:5  | Noticed an azure jelly
 14226 | Slime:5  | Found a viscous altar of Jiyva.
 14227 | Slime:5  | Noticed an acid blob
 14227 | Slime:5  | Noticed an azure jelly
 14228 | Slime:5  | Noticed an azure jelly
 14229 | Slime:5  | Noticed an acid blob
 14231 | Slime:5  | Noticed the Royal Jelly
 14232 | Slime:5  | Identified the ring "Syqib" {rF++ MP+9}
 14232 | Slime:5  | Noticed an acid blob
 14232 | Slime:5  | Noticed an acid blob
 14233 | Slime:5  | Noticed an acid blob
 14235 | Slime:5  | Noticed a rockslime
 14236 | Slime:5  | Noticed a rockslime
 14240 | Slime:5  | Found the +7 mace of Variability {chain chaos}
 14242 | Slime:5  | Identified the +11 morningstar of Umaib {spect, rElec rC-
                  | rN++ Int+3}
 14245 | Slime:5  | Got a slimy rune of Zot
 14256 | Slime:5  | Identified the +1 chain mail "Junen" {+Inv}
 14258 | Slime:5  | Identified the ring "Kabolip" {Ice rElec rPois Str+2}
 14271 | Slime:5  | Identified the +1 ring mail "Iphutt" {rPois Int+5}
 14291 | Slime:5  | Identified the +9 shadow dragon scales of Evolution {Int+4
                  | Dex+4 Stlth++++}
 14299 | Slime:5  | Noticed an acid blob
 14346 | Slime:5  | Noticed a rockslime
 14347 | Slime:5  | Noticed an acid blob
 14367 | Slime:4  | Noticed an azure jelly
 14383 | Slime:3  | Noticed an acid blob
 14390 | Slime:2  | Noticed an acid blob
 14512 | D:12     | Found a staircase to the Orcish Mines.
 14538 | D:12     | Found Guena Jite's Vocational Training.
 14802 | D:12     | Lost mutation: Your melee attacks may engulf your foes in
                  | ooze. [Jiyva's grace]
 14802 | D:12     | Gained mutation: You have hidden genetic potential.
                  | [Jiyva's grace]
 14802 | D:12     | Gained mutation: You have great hidden genetic potential.
                  | [Jiyva's grace]
 14802 | D:12     | Gained mutation: You have a small jelly attached to you
                  | that senses nearby items. [Jiyva's grace]
 14802 | D:12     | Gained mutation: Your mind is acute. (Int +4, Str/Dex -1)
                  | [Jiyva's grace]
 14966 | Orc:1    | Entered Level 1 of the Orcish Mines
 15209 | Orc:2    | Entered Level 2 of the Orcish Mines
 15209 | Orc:2    | Found a staircase to the Elven Halls.
 15215 | Orc:2    | Found Ilug Kurch's Book Boutique.
 15506 | Orc:2    | Found a runed translucent gate.
 15507 | Orc:2    | Found a runed translucent gate.
 15507 | Orc:2    | Found a runed translucent gate.
 15512 | Orc:2    | Noticed Morbidden's ghost (adept TrMo)
 15655 | Orc:2    | Found Feta's Jewellery Emporium.
 15680 | Orc:2    | Found Duijiss's General Store.
 15707 | Orc:2    | Bought a scroll of blinking for 75 gold pieces
 15984 | Orc:2    | Found Camo's Magic Scroll Shop.
 16032 | Orc:2    | Found Wufiemea's Distillery.
 16032 | Orc:2    | Found Kuwuh's Antique Weapon Boutique.
 16078 | Orc:2    | Bought a scroll of acquirement for 520 gold pieces
 16078 | Orc:2    | Acquired 906 gold pieces
 16122 | Orc:2    | Bought a scroll of acquirement for 936 gold pieces
 16122 | Orc:2    | Acquired 800 gold pieces
 16124 | Orc:2    | Bought a scroll of blinking for 135 gold pieces
 16124 | Orc:2    | Bought a scroll of brand weapon for 171 gold pieces
 16124 | Orc:2    | Bought a scroll of teleportation for 54 gold pieces
 16332 | Orc:2    | Lost mutation: Your thick and shaggy fur keeps you warm.
                  | (AC +3, rC+) [Jiyva's grace]
 16332 | Orc:2    | Lost mutation: Your transparent skin significantly reduces
                  | your foes' accuracy. (Stealth+) [Jiyva's grace]
 16332 | Orc:2    | Lost mutation: You have great hidden genetic potential.
                  | [Jiyva's grace]
 16332 | Orc:2    | Gained mutation: Your spells are a little harder to cast,
                  | but a little more powerful. [Jiyva's grace]
 16332 | Orc:2    | Gained mutation: Your spells are harder to cast, but more
                  | powerful. [Jiyva's grace]
 16332 | Orc:2    | Gained mutation: Your spells are much harder to cast, but
                  | much more powerful. [Jiyva's grace]
 16332 | Orc:2    | Gained mutation: Your melee attacks may engulf your foes in
                  | ooze. [Jiyva's grace]
 16458 | D:13     | Noticed Rupert
 16482 | D:13     | Noticed Nessos
 16488 | D:13     | Reached skill level 1 in Throwing
 16505 | D:13     | Killed Rupert
 16532 | D:13     | Found a gate to the Vaults.
 16540 | D:13     | Killed Nessos
 17109 | D:14     | Noticed Agnes
 17117 | D:14     | Killed Agnes
 17267 | D:14     | Reached XP level 16. HP: 96/96 MP: 17/17
 17327 | D:15     | Entered Level 15 of the Dungeon
 17458 | D:15     | Reached skill level 5 in Throwing
 17585 | D:15     | Found a staircase to the Depths.
 17782 | D:15     | Found a runed translucent door.
 17783 | D:15     | Noticed Tiucafuv's ghost (journeyman HOFi)
 17803 | D:15     | Killed Tiucafuv's ghost
 17808 | D:15     | Identified the +1 plate armour of Exclusion {MP+9 Dex+4}
 18084 | Swamp:1  | Entered Level 1 of the Swamp
 18097 | Swamp:1  | Gained mutation: You passively dampen the noise of your
                  | surroundings. [hidden potential]
 18148 | Swamp:1  | Reached skill level 10 in Shields
 18192 | Swamp:1  | Noticed a tentacled monstrosity
 18206 | Swamp:1  | Killed a tentacled monstrosity
 18227 | Swamp:1  | Lost mutation: Your flesh is cold resistant. (rC+) [Jiyva's
                  | grace]
 18227 | Swamp:1  | Lost mutation: Your spells are much harder to cast, but
                  | much more powerful. [Jiyva's grace]
 18227 | Swamp:1  | Lost mutation: Your spells are harder to cast, but more
                  | powerful. [Jiyva's grace]
 18227 | Swamp:1  | Lost mutation: Your translucent skin reduces your foes'
                  | accuracy. (Stealth+) [Jiyva's grace]
 18227 | Swamp:1  | Lost mutation: Your melee attacks may engulf your foes in
                  | ooze. [Jiyva's grace]
 18227 | Swamp:1  | Lost mutation: You passively dampen the noise of your
                  | surroundings. [Jiyva's grace]
 18227 | Swamp:1  | Gained mutation: Your translucent skin reduces your foes'
                  | accuracy. (Stealth+) [Jiyva's grace]
 18227 | Swamp:1  | Gained mutation: Your transparent skin significantly
                  | reduces your foes' accuracy. (Stealth+) [Jiyva's grace]
 18227 | Swamp:1  | Lost mutation: You have hidden genetic potential. [Jiyva's
                  | grace]
 18227 | Swamp:1  | Gained mutation: You are somewhat resistant to further
                  | mutation. [Jiyva's grace]
 18227 | Swamp:1  | Gained mutation: You are somewhat resistant to both further
                  | mutation and mutation removal. [Jiyva's grace]
 18452 | Swamp:1  | Acquired 448 gold pieces
 18920 | Swamp:2  | Noticed an azure jelly
 18920 | Swamp:2  | a six-headed hydra changed into an azure jelly
 18948 | Swamp:2  | Noticed Nikola
 18956 | Swamp:2  | Killed an azure jelly
 18966 | Swamp:2  | Killed Nikola
 19242 | Swamp:2  | Noticed Kirke
 19251 | Swamp:2  | Killed Kirke
 20044 | Snake:1  | Entered Level 1 of the Snake Pit
 20155 | Snake:1  | Reached skill level 10 in Throwing
 20257 | Snake:1  | Noticed Frances
 20264 | Snake:1  | Killed Frances
 20265 | Snake:1  | Reached XP level 17. HP: 100/100 MP: 18/18
 20469 | Snake:1  | Lost mutation: You are partially covered in iridescent
                  | scales. (AC +2) [Jiyva's grace]
 20469 | Snake:1  | Lost mutation: You are somewhat resistant to both further
                  | mutation and mutation removal. [Jiyva's grace]
 20469 | Snake:1  | Lost mutation: You passively map a small area around you.
                  | [Jiyva's grace]
 20469 | Snake:1  | Lost mutation: Your gelatinous body deflects attacks. (AC
                  | +3, EV +3) [Jiyva's grace]
 20469 | Snake:1  | Lost mutation: Your transparent skin significantly reduces
                  | your foes' accuracy. (Stealth+) [Jiyva's grace]
 20469 | Snake:1  | Gained mutation: Your melee attacks may engulf your foes in
                  | ooze. [Jiyva's grace]
 20469 | Snake:1  | Gained mutation: You passively map a small area around you.
                  | [Jiyva's grace]
 20469 | Snake:1  | Gained mutation: You passively map the area around you.
                  | [Jiyva's grace]
 20469 | Snake:1  | Gained mutation: You passively map a large area around you.
                  | [Jiyva's grace]
 21739 | Snake:2  | Acquired a manual of Spellcasting
 21797 | Snake:2  | Reached skill level 1 in Spellcasting
 22148 | Snake:3  | Reached skill level 5 in Spellcasting
 22176 | Snake:3  | Found Isac's Jewellery Shop.
 22178 | Snake:3  | Found Biuqocay's Book Emporium.
 22179 | Snake:3  | Found Keeq's Jewellery Shop.
 22203 | Snake:3  | Bought an amulet of reflection for 570 gold pieces
 22370 | Snake:3  | Found a frozen archway.
 22395 | IceCv    | Entered an ice cave
 22444 | IceCv    | Found a transporter.
 22464 | IceCv    | Found a transporter.
 22550 | Snake:3  | Gained mutation: You have sharp fingernails. [Jiyva's
                  | grace]
 22550 | Snake:3  | Gained mutation: You have very sharp fingernails. [Jiyva's
                  | grace]
 22550 | Snake:3  | Gained mutation: You have claws for hands. [Jiyva's grace]
 22550 | Snake:3  | Gained mutation: A frigid envelope surrounds you and
                  | freezes all who hurt you. [Jiyva's grace]
 23502 | Swamp:4  | Entered Level 4 of the Swamp
 23583 | Swamp:4  | Reached skill level 10 in Spellcasting
 23631 | Swamp:4  | Reached XP level 18. HP: 99/105 MP: 33/33
 23663 | Swamp:4  | Got a decaying rune of Zot
 23674 | Swamp:4  | Reached skill level 10 in Evocations
 24369 | Snake:4  | Entered Level 4 of the Snake Pit
 25105 | Snake:4  | Lost mutation: You have claws for hands. [Jiyva's grace]
 25105 | Snake:4  | Lost mutation: Your mind is acute. (Int +4, Str/Dex -1)
                  | [Jiyva's grace]
 25105 | Snake:4  | Lost mutation: A frigid envelope surrounds you and freezes
                  | all who hurt you. [Jiyva's grace]
 25105 | Snake:4  | Lost mutation: You passively map a large area around you.
                  | [Jiyva's grace]
 25105 | Snake:4  | Lost mutation: Your translucent skin reduces your foes'
                  | accuracy. (Stealth+) [Jiyva's grace]
 25105 | Snake:4  | Lost mutation: You have a small jelly attached to you that
                  | senses nearby items. [Jiyva's grace]
 25105 | Snake:4  | Gained mutation: Your flesh is heat resistant. (rF+)
                  | [Jiyva's grace]
 25105 | Snake:4  | Gained mutation: Your flesh is very heat resistant. (rF++)
                  | [Jiyva's grace]
 25105 | Snake:4  | Gained mutation: Your flesh is almost immune to the effects
                  | of heat. (rF+++) [Jiyva's grace]
 25105 | Snake:4  | Gained mutation: You expend magic power (3 MP) to
                  | strengthen your wands. [Jiyva's grace]
 25115 | Snake:4  | Reached skill level 5 in Armour
 25334 | Snake:4  | Noticed Vashnia
 25350 | Snake:4  | HP: 5/105 [poisoned by a nagaraja (bolt of poison)]
 25710 | Snake:4  | Killed Vashnia
 25762 | Snake:4  | Got a serpentine rune of Zot
 25982 | Vaults:1 | Entered Level 1 of the Vaults
 26106 | Vaults:1 | Reached XP level 19. HP: 101/109 MP: 34/34
 26162 | Vaults:1 | Noticed Zenata
 26179 | Vaults:1 | Killed Zenata
 26711 | Vaults:1 | Noticed Donald
 26723 | Vaults:1 | Killed Donald
 27345 | Vaults:2 | Reached skill level 10 in Armour
 27405 | Vaults:2 | Found a staircase to the Crypt.
 27405 | Vaults:2 | Found an ancient bone altar of Kikubaaqudgha.
 27406 | Vaults:2 | Found a basalt altar of Yredelemnul.
 27481 | Vaults:2 | Noticed Frederick
 27499 | Vaults:2 | Killed Frederick
 27715 | Vaults:2 | Found a runed translucent door.
 27715 | Vaults:2 | Noticed Jihiargh's ghost (adept HOFi)
 27739 | Vaults:2 | Killed Jihiargh's ghost
 27821 | Vaults:2 | Lost mutation: Your pliable body absorbs attacks. (AC +2,
                  | EV +2) [Jiyva's grace]
 27821 | Vaults:2 | Lost mutation: Your translucent skin slightly reduces your
                  | foes' accuracy. (Stealth+) [Jiyva's grace]
 27821 | Vaults:2 | Gained mutation: You heal very quickly. [Jiyva's grace]
 27821 | Vaults:2 | Gained mutation: You regenerate. [Jiyva's grace]
 27821 | Vaults:2 | Gained mutation: You have a pair of small horns on your
                  | head. [Jiyva's grace]
 27821 | Vaults:2 | Gained mutation: You have a pair of horns on your head.
                  | [Jiyva's grace]
 28026 | Vaults:2 | Found a huge runed gate.
 28026 | Vaults:2 | Found a huge runed gate.
 28026 | Vaults:2 | Found a huge runed gate.
 28026 | Vaults:2 | Found a huge runed gate.
 28026 | Vaults:2 | Found a huge runed gate.
 28026 | Vaults:2 | Found a huge runed gate.
 28027 | Vaults:2 | Found a huge runed gate.
 28027 | Vaults:2 | Found a huge runed gate.
 28027 | Vaults:2 | Found a huge runed gate.
 28027 | Vaults:2 | Found a huge runed gate.
 28030 | Vaults:2 | Found a huge runed gate.
 28030 | Vaults:2 | Found a huge runed gate.
 28030 | Vaults:2 | Found a huge runed gate.
 28030 | Vaults:2 | Found a huge runed gate.
 28030 | Vaults:2 | Found a huge runed gate.
 28030 | Vaults:2 | Found a huge runed gate.
 28031 | Vaults:2 | Found a huge runed gate.
 28032 | Vaults:2 | Found a huge runed gate.
 28033 | Vaults:2 | Found a huge runed gate.
 28048 | Vaults:2 | Found a huge runed gate.
 28048 | Vaults:2 | Found a huge runed gate.
 28048 | Vaults:2 | Found a huge runed gate.
 28048 | Vaults:2 | Found a huge runed gate.
 28048 | Vaults:2 | Found a huge runed gate.
 28048 | Vaults:2 | Found a huge runed gate.
 28049 | Vaults:2 | Found a huge runed gate.
 28050 | Vaults:2 | Found a huge runed gate.
 28065 | Vaults:2 | Found a huge runed gate.
 28075 | Vaults:2 | Identified the ring "Nurghett" {rPois rCorr}
 28098 | Vaults:2 | Found a huge runed gate.
 28098 | Vaults:2 | Found a huge runed gate.
 28098 | Vaults:2 | Found a huge runed gate.
 28100 | Vaults:2 | Found a huge runed gate.
 28100 | Vaults:2 | Found a huge runed gate.
 28104 | Vaults:2 | Found a huge runed gate.
 28104 | Vaults:2 | Found a huge runed gate.
 28104 | Vaults:2 | Found a huge runed gate.
 28448 | Vaults:2 | Found Xitsudd's Assorted Antiques.
 28456 | Vaults:2 | Bought a condenser vane for 880 gold pieces
 28456 | Vaults:2 | Bought a scroll of teleportation for 66 gold pieces
 29261 | Vaults:3 | Reached XP level 20. HP: 102/114 MP: 35/35
 29350 | Vaults:3 | Lost mutation: You have very sharp fingernails. [Jiyva's
                  | grace]
 29350 | Vaults:3 | Lost mutation: You have a pair of horns on your head.
                  | [Jiyva's grace]
 29350 | Vaults:3 | Lost mutation: You have a pair of small horns on your head.
                  | [Jiyva's grace]
 29350 | Vaults:3 | Lost mutation: Your flesh is almost immune to the effects
                  | of heat. (rF+++) [Jiyva's grace]
 29350 | Vaults:3 | Lost mutation: You passively map the area around you.
                  | [Jiyva's grace]
 29350 | Vaults:3 | Lost mutation: You are covered in thick fur. (AC +2)
                  | [Jiyva's grace]
 29350 | Vaults:3 | Lost mutation: Your rubbery body absorbs attacks. (AC +1,
                  | EV +1) [Jiyva's grace]
 29350 | Vaults:3 | Lost mutation: You expend magic power (3 MP) to strengthen
                  | your wands. [Jiyva's grace]
 29350 | Vaults:3 | Gained mutation: You are partially covered in iridescent
                  | scales. (AC +2) [Jiyva's grace]
 29350 | Vaults:3 | Gained mutation: You are mostly covered in iridescent
                  | scales. (AC +4) [Jiyva's grace]
 29350 | Vaults:3 | Gained mutation: You are completely covered in iridescent
                  | scales. (AC +6) [Jiyva's grace]
 29350 | Vaults:3 | Gained mutation: Your mind is acute. (Int +4, Str/Dex -1)
                  | [Jiyva's grace]
 30367 | Vaults:4 | Found a huge runed gate.
 30367 | Vaults:4 | Found a huge runed gate.
 30367 | Vaults:4 | Found a huge runed gate.
 30370 | Vaults:4 | Found a huge runed gate.
 30371 | Vaults:4 | Found a huge runed gate.
 30371 | Vaults:4 | Found a huge runed gate.
 30371 | Vaults:4 | Found a huge runed gate.
 30371 | Vaults:4 | Found a huge runed gate.
 30372 | Vaults:4 | Found a huge runed gate.
 30374 | Vaults:4 | Found a huge runed gate.
 30374 | Vaults:4 | Found a huge runed gate.
 30374 | Vaults:4 | Found a huge runed gate.
 30374 | Vaults:4 | Found a huge runed gate.
 30374 | Vaults:4 | Found a huge runed gate.
 30374 | Vaults:4 | Found a huge runed gate.
 30375 | Vaults:4 | Found a huge runed gate.
 30416 | Vaults:4 | Found a huge runed gate.
 30416 | Vaults:4 | Found a huge runed gate.
 30416 | Vaults:4 | Found a huge runed gate.
 30416 | Vaults:4 | Found a huge runed gate.
 30417 | Vaults:4 | Found a huge runed gate.
 30418 | Vaults:4 | Found a huge runed gate.
 30419 | Vaults:4 | Found a huge runed gate.
 30420 | Vaults:4 | Found a huge runed gate.
 30421 | Vaults:4 | Found a huge runed gate.
 30422 | Vaults:4 | Found a huge runed gate.
 30430 | Vaults:4 | Found a huge runed gate.
 30430 | Vaults:4 | Found a huge runed gate.
 30430 | Vaults:4 | Found a huge runed gate.
 30430 | Vaults:4 | Found a huge runed gate.
 30430 | Vaults:4 | Found a huge runed gate.
 30430 | Vaults:4 | Found a huge runed gate.
 30431 | Vaults:4 | Found a huge runed gate.
 30432 | Vaults:4 | Found a huge runed gate.
 30433 | Vaults:4 | Found a huge runed gate.
 30441 | Vaults:4 | Found a huge runed gate.
 30934 | Vaults:4 | Reached skill level 1 in Stealth
 31057 | Vaults:4 | Noticed a hellephant
 31075 | Vaults:4 | Identified the +8 halberd of the Hurling Seeker {drain,
                  | Fragile +Blink rPois Stlth+}
 31120 | Vaults:4 | Killed a hellephant
 31347 | Depths:1 | Entered Level 1 of the Depths
 31396 | Depths:1 | Found a one-way gateway to a ziggurat.
 31437 | Depths:1 | Lost mutation: Your mind is acute. (Int +4, Str/Dex -1)
                  | [Jiyva's grace]
 31437 | Depths:1 | Lost mutation: Your flesh is very heat resistant. (rF++)
                  | [Jiyva's grace]
 31437 | Depths:1 | Lost mutation: You passively map a small area around you.
                  | [Jiyva's grace]
 31437 | Depths:1 | Lost mutation: Your melee attacks may engulf your foes in
                  | ooze. [Jiyva's grace]
 31437 | Depths:1 | Gained mutation: You have a pair of small antennae on your
                  | head. [Jiyva's grace]
 31437 | Depths:1 | Gained mutation: You have a pair of antennae on your head.
                  | [Jiyva's grace]
 31437 | Depths:1 | Gained mutation: You have a pair of large antennae on your
                  | head. (SInv) [Jiyva's grace]
 31437 | Depths:1 | Gained mutation: You have a small jelly attached to you
                  | that senses nearby items. [Jiyva's grace]
 31748 | Depths:1 | Reached skill level 5 in Stealth
 31797 | Depths:1 | Reached XP level 21. HP: 119/119 MP: 36/36
 31876 | Depths:1 | Found a gateway to Hell.
 32004 | Depths:1 | Identified the +2 robe "Cymyots" {Rampage rC+ Str+3}
 32232 | Depths:2 | Noticed Louise
 32307 | Depths:2 | Noticed Vv
 32343 | Depths:2 | Killed Vv
 32363 | Depths:2 | Killed Louise
 32533 | Depths:2 | Found a one-way gate to the infinite horrors of the Abyss.
 32544 | Depths:2 | Found a transporter.
 32549 | Depths:2 | Found a corrupted altar of Lugonu.
 32596 | Depths:2 | Reached skill level 15 in Evocations
 32684 | Depths:2 | Found a one-way gate leading to the halls of Pandemonium.
 32706 | Depths:2 | Found a transporter.
 32757 | Depths:2 | Found Vosat's Antique Weapon Shoppe.
 32783 | Depths:2 | Found Botogh's General Store.
 32785 | Depths:2 | Found Pyomuolu's Specific Store.
 32789 | Depths:2 | Bought a potion of berserk rage for 65 gold pieces
 32793 | Depths:2 | Bought a scroll of fog for 96 gold pieces
 32796 | Depths:2 | Bought a box of beasts for 960 gold pieces
 33152 | Depths:3 | Lost mutation: You have a pair of large antennae on your
                  | head. (SInv) [Jiyva's grace]
 33152 | Depths:3 | Lost mutation: You are completely covered in iridescent
                  | scales. (AC +6) [Jiyva's grace]
 33152 | Depths:3 | Lost mutation: You are mostly covered in iridescent scales.
                  | (AC +4) [Jiyva's grace]
 33152 | Depths:3 | Lost mutation: You regenerate. [Jiyva's grace]
 33152 | Depths:3 | Lost mutation: Your spells are a little harder to cast, but
                  | a little more powerful. [Jiyva's grace]
 33152 | Depths:3 | Gained mutation: You have a small jelly attached to you
                  | that may absorb projectiles. [Jiyva's grace]
 33152 | Depths:3 | Gained mutation: Your melee attacks may engulf your foes in
                  | ooze. [Jiyva's grace]
 33152 | Depths:3 | Gained mutation: Your spells are a little harder to cast,
                  | but a little more powerful. [Jiyva's grace]
 33152 | Depths:3 | Gained mutation: Your spells are harder to cast, but more
                  | powerful. [Jiyva's grace]
 33224 | Depths:3 | Reached skill level 10 in Stealth
 33546 | Depths:4 | Entered Level 4 of the Depths
 33799 | Depths:4 | Found a runed translucent gate.
 33799 | Depths:4 | Found a runed translucent gate.
 33799 | Depths:4 | Found a runed translucent gate.
 33799 | Depths:4 | Found a runed translucent gate.
 33799 | Depths:4 | Found a runed translucent gate.
 33799 | Depths:4 | Found a runed translucent gate.
 33799 | Depths:4 | Found the +2 Maxwell's thermic engine {flame, freeze}
 34135 | Depths:4 | Noticed a golden dragon
 34152 | Depths:4 | Killed a golden dragon
 34209 | Depths:4 | Noticed a bone dragon
 34229 | Depths:4 | Killed a bone dragon
 34230 | Depths:4 | Reached XP level 22. HP: 117/124 MP: 37/37
 34240 | Depths:4 | Found a gate to the Realm of Zot.
 34725 | Zot:1    | Entered Level 1 of the Realm of Zot
 34752 | Zot:1    | Mangled by a tentacled monstrosity

Illustrated notes

Levels and vault maps discovered:
D:1:      wander_arrival_peaceful_grave, layout_basic
D:2:      layout_loops_ring, basic_altar
D:3:      minmay_angry_zag, layout_rooms, trog_wizard,
          mainiacjoe_overflow_alcove_3, hellmonk_ecumenical_altar_dog_temple,
          gup_sewer_entry_spiral
D:4:      layout_loops_ring, minmay_temple_entry_drinking_statues,
          serial_undead, serial_undead_a, serial_undead_d, serial_undead_f,
          serial_undead_c, grunt_ministairs_3, lightli_corner_chamber
D:5:      lemuel_ice_spiral_2, layout_basic, serial_shops,
          nicolae_shop_window_shopping, uniq_grinder
D:6:      layout_rooms
D:7:      layout_basic, old_standard_altar, grunt_livestock
D:8:      minmay_cornered_nines, layout_cave_pools, nemelex_diamond_rough_becter
D:9:      layout_basic, marbit_many_paths, uniq_prince_ribbit1
D:10:     layout_rooms, nicolae_tso_carved_into_rock, dpeg_lair_monsters,
          gammafunk_ghost_grave, nicolae_trove_entry_diagonal,
          hangedman_weighted_door, st_stairs_8, uniq_maggie
D:11:     nrook_guardian_serpent_snake_passage, layout_layer_cave,
          gauntlet_entry_generic
D:12:     layout_cave_pools, chequers_serial_rivers_micro_a,
          nicolae_shop_vocational
D:13:     layout_basic, david_vaults_3
D:14:     layout_basic, minmay_staircase_bubble, uniq_agnes
D:15:     grunt_enter_depths_snipers, layout_cave_pools,
          minmay_misc_feat_pillars, gammafunk_ghost_grave,
          serial_park_tiny_pond, grunt_tough_drop
Lair:1:   cheibrodos_lair_river_kwai, layout_long_grid, grunt_megastairs_1,
          lemuel_fruit_tree, serial_bayou_shore_b
Lair:2:   layout_loops_ring, minmay_snake_entry_guardpost_medium
Lair:3:   gammafunk_mikee_crab_dinner, layout_big_grid,
          skrybe_swamp_entry_bodies, grunt_megastairs_2, uniq_nessos
Lair:4:   layout_hall_layers, minmay_slime_entry_pillars, basic_altar
Lair:5:   hangedman_lair_in_review, layout_loops_ring, guppyfry_lair_end_dragon,
          chequers_serial_rivers_room_a
Swamp:1:  layout_basic_swamp, nicolae_swamp_small_spring
Swamp:2:  nicolae_swamp_tree_isthmus, layout_basic_swamp,
          evilmike_swamp_ruin_rubble_2, uniq_kirke, uniq_nikola
Swamp:3:  layout_basic_swamp, nicolae_swamp_dense_foliage
Swamp:4:  swamp_alternative, layout_basic_swamp, swamp_pool2,
          nicolae_swamp_tree_designs
Snake:1:  nicolae_snake_shooting_gallery, layout_chambers,
          hangedman_snake_corridor_split, uniq_frances
Snake:2:  layout_misc_corridors
Snake:3:  layout_layer_cave, portal_ice_cave_entry_ice_statue_two, special_room,
          minmay_shop_grove
Snake:4:  grunt_snake_rune_serpentine_throne, layout_basic, grunt_megastairs_3,
          uniq_vashnia
Slime:1:  layout_caves
Slime:2:  nicolae_slime_jelly_donut, layout_caves,
          amcnicky_altar_lugonu_corruption
Slime:3:  layout_caves
Slime:4:  layout_caves
Slime:5
Orc:1:    layout_caves
Orc:2:    st_orc_town, layout_diamond_mine, gammafunk_ghost_necromancy,
          serial_shops, nicolae_square_shop, nicolae_shop_advertising_works
          [nicolae_subvault_shop_adworks]
Vaults:1: hangedman_vaults_river_flow, ontoclasm_vaults_ring_large, v_misc_18,
          st_quartered_hall, v_alt_pattern_1, hangedman_vaults_stream, v_misc_5,
          vaults_room_large_hall, hangedman_vaults_stagger,
          nicolae_vaults_yaktaur_gun_rack, ontoclasm_vaults_decontamination,
          nicolae_vaults_asterisk, layout_vaults_ring, uniq_donald, uniq_zenata
Vaults:2: gammafunk_ghost_grave, minmay_crypt_entry_necro_gods,
          not_door_vault_mu, v_misc_29, v_alt_pattern_2,
          ontoclasm_vaults_ring_small, hangedman_vaults_trim,
          nicolae_vaults_shelves_hall, dpeg_vaults_monster_box,
          layout_vaults_omnigrid, serial_shops, nicolae_shop_crystal,
          uniq_frederick
Vaults:3: st_more_cells, nicolae_vaults_alarming, ontoclasm_vaults_ligature,
          nicolae_vaults_shelves_hall, vaults_standard_mumra_x, v_misc_14,
          vaults_dpeg_diagonal, nicolae_vaults_specimen_jars,
          hangedman_vaults_trim, vaults_dpeg_ring, v_misc_3, vaults_mumra_hex,
          layout_vaults_omnicross
Vaults:4: vaults_mumra_hexcomb, grunt_vaults_bifocal, hangedman_vaults_locks,
          vaults_mumra_lcd, vaults_room_grid, ontoclasm_vaults_eye, v_misc_30,
          not_door_vault_due, vaults_room_pools, vaults_dpeg_cross,
          serial_ice_g, v_misc_15, hangedman_vaults_stitches,
          layout_vaults_omnibox
Depths:1: thingy_vault, layout_cave_pools, enter_ziggurat_a,
          pf_hell_entry_tar_river, serial_bayou_shore_a, serial_bayou_lagoon_b
Depths:2: gammafunk_corrupted_shrine, layout_long_grid,
          serial_sigils_hangedman_snap, rand_demon_pan_entry_3,
          pf_dread_powers_of_hell, nicolae_abyss_entry_one_way_or_another,
          serial_shops, shop_fountains, nicolae_specific_store, uniq_vv
Depths:3: hellmonk_destroyed_diamonds, layout_long_grid, hell_entry,
          abyss_entry_glasseish, chequers_serial_rivers_small_b
Depths:4: evilmike_zot_entry_argh, layout_basic, hell_entry,
          brannock_guarded_unrand_thermic_engine
Zot:1:    layout_gridlike, evilmike_ambush [evilmike_ambush_outer_corners,
          evilmike_ambush_inner_basic]

Skill      XL: |  1  2  3  4  5  6  7  8  9 10 11 12 13 14 15 16 17 18 19 20 21 22 |
---------------+-------------------------------------------------------------------+-----
Maces & Flails | 2 3 4 5 6 8 10 12 14 16 | 16.0
Fighting       | 5 10 12 14 16 | 16.0
Evocations     | 4 8 9 12 13 14 15 | 15.0
Shields        | 6 9 10 11 13 | 13.5
Throwing       | 4 10 12 | 12.0
Spellcasting   | 10 | 10.0
Armour         | 7 11 13 | 13.9
Stealth        | 7 12 13 | 13.2

Action                   |  1- 3 |  4- 6 |  7- 9 | 10-12 | 13-15 | 16-18 | 19-21 | 22-24 || total
-------------------------+-------+-------+-------+-------+-------+-------+-------+-------++-------
Melee: Flail             |    61 |   163 |   249 |   371 |       |       |       |       ||   844
       Bite              |     7 |    32 |    69 |   163 |   357 |   412 |   549 |    27 ||  1616
       Trident           |       |       |    26 |       |       |       |       |       ||    26
       Eveningstar       |       |       |       |   114 |   951 |  1080 |  1172 |    44 ||  3361
       Headbutt          |       |       |       |       |       |       |    25 |       ||    25
Throw: Dart              |       |       |       |       |       |     5 |       |       ||     5
Invok: Oozemancy         |       |       |     1 |     4 |     1 |     6 |     5 |       ||    17
       Slimify           |       |       |       |       |       |     3 |       |       ||     3
Evoke: Wand              |       |       |       |     3 |     1 |     2 |       |       ||     6
       Phantom mirror    |       |       |       |       |     1 |     2 |     1 |       ||     4
       Lightning rod     |       |       |       |       |       |     4 |       |       ||     4
       Condenser vane    |       |       |       |       |       |       |     1 |     1 ||     2
       Box of beasts     |       |       |       |       |       |       |       |     1 ||     1
  Use: Scroll            |       |       |       |    13 |    11 |    12 |     6 |     1 ||    43
       Potion            |       |       |       |       |       |     1 |     5 |     1 ||     7
 Stab: Confused          |       |       |       |     6 |       |       |       |       ||     6
       Distracted        |       |       |       |     1 |     2 |     2 |     4 |       ||     9
       Petrified         |       |       |       |       |     3 |       |       |       ||     3
       Petrifying        |       |       |       |       |     1 |       |       |       ||     1
       Sleeping          |       |       |       |       |     5 |    19 |    13 |       ||    37
       Invisible         |       |       |       |       |       |       |     3 |       ||     3
Armor: Scale mail        |    44 |    98 |   158 |    75 |       |       |       |       ||   375
       Plate armour      |       |       |       |   188 |   325 |       |       |       ||   513
       Shadow dragon sca |       |       |       |       |   116 |   612 |   604 |    75 ||  1407
Dodge: Dodged            |    29 |    77 |    94 |   139 |   377 |   427 |   266 |    21 ||  1430
Block: Buckler           |    15 |    30 |    49 |   105 |   319 |   762 |   769 |    41 ||  2090
       Reflection        |       |       |       |     1 |    25 |   140 |    82 |       ||   248

Table legend: (Time is in decaauts)
 A = Elapsed time spent in this place.
 B = Non-inter-level travel time spent in this place.
 C = Inter-level travel time spent in this place.
 D = Time resting spent in this place.
 E = Time spent auto-exploring this place.
 F = Levels seen in this place.
 G = Mean time per level.
                   A        B        C        D        E       F      G
               +--------+--------+--------+--------+--------+-----+--------+
         Total |  34159 |  31199 |   2960 |    756 |  21286 |  47 |  726.8 |
       Dungeon |  10728 |   9758 |    970 |      2 |   7241 |  15 |  715.2 |
          Lair |   5211 |   4549 |    662 |     31 |   3342 |   5 | 1042.2 |
         Swamp |   2576 |   2242 |    334 |      2 |   1523 |   4 |  644.0 |
     Snake Pit |   4595 |   4373 |    222 |    282 |   2795 |   4 | 1148.8 |
    Slime Pits |    240 |    161 |     79 |      0 |     24 |   5 |   48.0 |
  Orcish Mines |   1400 |   1279 |    121 |      0 |   1011 |   2 |  700.0 |
        Vaults |   5130 |   4652 |    478 |    394 |   3015 |   4 | 1282.5 |
        Depths |   3231 |   3139 |     92 |     24 |   1949 |   4 |  807.8 |
           Zot |     10 |     10 |      0 |      0 |      0 |   1 |   10.0 |
         Sewer |    281 |    281 |      0 |      0 |    131 |   1 |  281.0 |
      Ice Cave |    126 |    126 |      0 |     20 |      7 |   1 |  126.0 |
      Gauntlet |    625 |    625 |      0 |      0 |    246 |   1 |  625.0 |
               +--------+--------+--------+--------+--------+-----+--------+

Top non-repeatable levels by time:
Vaults:2: 1593 daAuts
 Snake:4: 1415 daAuts
     D:7: 1408 daAuts
 Snake:1: 1393 daAuts
Vaults:1: 1378 daAuts
  Lair:5: 1341 daAuts
 Snake:3: 1176 daAuts
Depths:4: 1129 daAuts
Vaults:3: 1085 daAuts
Vaults:4: 1072 daAuts
   Orc:2: 1050 daAuts
  Lair:3: 1047 daAuts
  Lair:1: 972 daAuts
  Lair:4: 957 daAuts
     D:9: 907 daAuts
